General information
			
			
        
        - name: BNet
 
        - type: Ladder team game (AT/RT)
 
        - host: Battle.net
 
        - saver: 66DRagon6
 
        
map: FullScaleAssault 
        - players: 8
 
        - length: 33:42
 
        - speed: Fast
 - version: 1.22 W3XP
 - replay type:  Public
 
» download(234 KB)
Players
        team 1 (loser) 
              
              
god-of.war (
green | 49 APM | 1562 actions | 31:45)
              
 6 Death Knight 
 3 Death Coil
 2 Unholy Aura
 1 Animate Dead
 5 Lich 
 3 Frost Nova
 2 Frost Armor
 3 Dreadlord 
 2 Sleep
 1 Vampiric Aura
 
                » actions 
                
                | Basic commands | 14 |  | 
| Build / train | 90 |  | 
| Enter build submenu | 23 |  | 
| Enter hero's abilities submenu | 13 |  | 
| Give item / drop item | 6 |  | 
| Remove unit from queue | 1 |  | 
| Right click | 815 |  | 
| Select / deselect | 506 |  | 
| Use ability | 94 |  | 
                1562 total
 » units 
                
                | Acolyte | 14 |  | 
| Ghoul | 4 |  | 
| Crypt Fiend | 9 |  | 
| Frost Wyrm | 12 |  | 
                39 total
 » upgrades
                
                | Web | 1 |  | 
| Creature Attack | 3 |  | 
| Freezing Breath | 1 |  | 
| Creature Carapace | 3 |  | 
| Burrow | 1 |  | 
                9 total
 » buildings
                
                | Crypt | 1 |  | 
| Altar of Darkness | 1 |  | 
| Ziggurat | 10 |  | 
| Graveyard | 1 |  | 
| Tomb of Relics | 1 |  | 
| Nerubian Tower | 5 |  | 
| Halls of the Dead | 1 |  | 
| Necropolis | 2 |  | 
| Black Citadel | 1 |  | 
| Sacrificial Pit | 1 |  | 
| Boneyard | 2 |  | 
| Spirit Tower | 3 |  | 
                29 total
 » build order
                00:07 Crypt
00:11 Altar of Darkness
00:33 Ziggurat
00:57 Graveyard
01:35 Tomb of Relics
01:44 Nerubian Tower
01:45 Nerubian Tower
01:45 Nerubian Tower
02:00 Ziggurat
03:48 Halls of the Dead
04:14 Ziggurat
05:11 Ziggurat
06:50 Necropolis
07:10 Black Citadel
08:09 Sacrificial Pit
09:08 Ziggurat
09:10 Ziggurat
09:33 Boneyard
09:38 Boneyard
10:03 Nerubian Tower
10:38 Ziggurat
11:26 Ziggurat
12:17 Nerubian Tower
12:19 Spirit Tower
13:50 Ziggurat
14:05 Ziggurat
24:02 Necropolis
24:28 Spirit Tower
25:06 Spirit Tower
» items
                
                | Rod of Necromancy | 2 |  | 
| Dust of Appearance | 2 |  | 
| Scroll of Town Portal | 3 |  | 
| Healing Salve | 2 |  | 
| Orb of Corruption | 1 |  | 
| Potion of Mana | 2 |  | 
| Potion of Lesser Invulnerability | 1 |  | 
                13 total
  
               
              
              
» 
Dasha-MdividbyV (
orange | 73 APM | 2314 actions | 31:45)
              
 9 Demon Hunter 
 3 Mana Burn
 3 Evasion
 1 Metamorphosis
 2 Immolation
 
                » actions 
                
                | Assign group hotkey | 314 |  | 
| Basic commands | 33 |  | 
| Build / train | 111 |  | 
| ESC pressed | 7 |  | 
| Enter build submenu | 22 |  | 
| Enter hero's abilities submenu | 9 |  | 
| Give item / drop item | 4 |  | 
| Right click | 673 |  | 
| Select / deselect | 559 |  | 
| Select group hotkey | 413 |  | 
| Use ability | 165 |  | 
                2314 total
 » units 
                
                | Wisp | 34 |  | 
| Archer | 24 |  | 
| Hippogryph | 16 |  | 
| Blue Dragon | 1 |  | 
| Glaive Thrower | 2 |  | 
                77 total
 » upgrades
                
                | Strength of the Moon | 3 |  | 
| Improved Bows | 1 |  | 
| Hippogryph Taming | 1 |  | 
| Marksmanship | 1 |  | 
| Well Spring | 1 |  | 
| Ultravision | 1 |  | 
| Moon Armor | 2 |  | 
                10 total
 » buildings
                
                | Altar of Elders | 1 |  | 
| Ancient of War | 2 |  | 
| Moon Well | 8 |  | 
| Hunter's Hall | 1 |  | 
| Tree of Ages | 1 |  | 
| Tree of Life | 1 |  | 
| Tree of Eternity | 1 |  | 
| Ancient of Wonders | 2 |  | 
| Ancient of Wind | 3 |  | 
                20 total
 » build order
                00:06 Altar of Elders
00:18 Ancient of War
00:21 Moon Well
01:42 Moon Well
02:21 Hunter's Hall
02:51 Moon Well
04:08 Tree of Ages
05:14 Moon Well
05:43 Tree of Life
06:33 Tree of Eternity
06:40 Ancient of Wonders
06:43 Ancient of Wind
06:45 Ancient of Wind
06:58 Ancient of Wind
09:46 Ancient of Wonders
12:27 Ancient of War
12:31 Moon Well
12:33 Moon Well
16:51 Moon Well
18:19 Moon Well
» items
                
                | Scroll of Town Portal | 3 |  | 
| Orb of Venom | 1 |  | 
| Staff of Teleportation | 1 |  | 
                5 total
  
               
              
              
» 
Veshan2284 (
pink | 43 APM | 1357 actions | 31:45)
              
 4 Blademaster 
 2 Wind Walk
 2 Critical Strike
 3 Shadow Hunter 
 2 Healing Wave
 1 Hex
 
                » actions 
                
                | Basic commands | 56 |  | 
| Build / train | 62 |  | 
| Enter build submenu | 29 |  | 
| Enter hero's abilities submenu | 7 |  | 
| Give item / drop item | 1 |  | 
| Right click | 614 |  | 
| Select / deselect | 480 |  | 
| Use ability | 108 |  | 
                1357 total
 » units 
                
                | Peon | 16 |  | 
| Grunt | 4 |  | 
| Tauren | 13 |  | 
| Spirit Walker | 4 |  | 
                37 total
 » upgrades
                
                | Armor | 3 |  | 
| Melee Weapons | 3 |  | 
| Pulverize | 1 |  | 
| Spirit Walker Training | 2 |  | 
                9 total
 » buildings
                
                | Altar of Storms | 1 |  | 
| Orc Burrow | 11 |  | 
| Barracks | 1 |  | 
| War Mill | 1 |  | 
| Voodoo Lounge | 1 |  | 
| Watch Tower | 9 |  | 
| Stronghold | 1 |  | 
| Fortress | 1 |  | 
| Tauren Totem | 2 |  | 
| Spirit Lodge | 1 |  | 
| Great Hall | 2 |  | 
                31 total
 » build order
                00:09 Altar of Storms
00:14 Orc Burrow
00:40 Barracks
01:27 War Mill
02:02 Orc Burrow
02:33 Voodoo Lounge
03:04 Watch Tower
03:37 Stronghold
04:23 Orc Burrow
05:13 Orc Burrow
05:59 Fortress
06:33 Orc Burrow
07:39 Orc Burrow
08:32 Tauren Totem
08:38 Spirit Lodge
08:43 Tauren Totem
09:23 Great Hall
12:19 Orc Burrow
12:23 Orc Burrow
12:39 Orc Burrow
12:59 Great Hall
16:01 Watch Tower
16:04 Watch Tower
17:11 Watch Tower
17:35 Watch Tower
18:16 Watch Tower
19:06 Watch Tower
19:58 Orc Burrow
20:37 Watch Tower
20:41 Watch Tower
» items
                
                | Healing Salve | 2 |  | 
| Potion of Healing | 1 |  | 
| Potion of Lesser Invulnerability | 1 |  | 
                4 total
  
               
              
              
» 
TheAngryPenguin (
red | 115 APM | 3651 actions | 31:45)
              
 7 Blademaster 
 3 Wind Walk
 3 Critical Strike
 1 Bladestorm
 
                » actions 
                
                | Assign group hotkey | 23 |  | 
| Basic commands | 302 |  | 
| Build / train | 68 |  | 
| ESC pressed | 1 |  | 
| Enter build submenu | 19 |  | 
| Enter hero's abilities submenu | 7 |  | 
| Right click | 1113 |  | 
| Select / deselect | 215 |  | 
| Select group hotkey | 1847 |  | 
| Use ability | 56 |  | 
                3651 total
 » units 
                
                | Peon | 18 |  | 
| Wind Rider | 9 |  | 
| Troll Batrider | 8 |  | 
| Shaman | 6 |  | 
                41 total
 » upgrades
                
                | Envenomed Spears | 1 |  | 
| Ranged Weapons | 3 |  | 
| Armor | 3 |  | 
| Shaman Training | 2 |  | 
| Liquid Fire | 1 |  | 
                10 total
 » buildings
                
                | Orc Burrow | 8 |  | 
| Altar of Storms | 1 |  | 
| Voodoo Lounge | 1 |  | 
| Stronghold | 1 |  | 
| War Mill | 1 |  | 
| Beastiary | 2 |  | 
| Fortress | 1 |  | 
| Great Hall | 3 |  | 
| Spirit Lodge | 2 |  | 
                20 total
 » build order
                00:11 Orc Burrow
00:20 Altar of Storms
01:04 Orc Burrow
01:29 Voodoo Lounge
02:31 Stronghold
02:53 War Mill
03:57 Orc Burrow
05:11 Beastiary
05:14 Beastiary
06:05 Fortress
08:04 Orc Burrow
08:35 Great Hall
10:11 Spirit Lodge
10:15 Spirit Lodge
10:35 Orc Burrow
15:00 Orc Burrow
15:02 Orc Burrow
17:27 Orc Burrow
25:44 Great Hall
31:06 Great Hall
» items
                
                | Lesser Clarity Potion | 1 |  | 
| Healing Salve | 1 |  | 
| Staff of Teleportation | 1 |  | 
| Boots of Speed | 1 |  | 
| Orb of Lightning | 1 |  | 
| Scroll of Town Portal | 2 |  | 
                7 total
  
               team 2 (winner) 
              
              
» 
66DRagon6 (
purple | 66 APM | 2217 actions | 33:42)
              
 5 Death Knight 
 3 Death Coil
 2 Unholy Aura
 2 Lich 
 1 Frost Nova
 1 Dark Ritual
 3 Dreadlord 
 1 Sleep
 2 Carrion Swarm
 
                » actions 
                
                | Assign group hotkey | 42 |  | 
| Basic commands | 2 |  | 
| Build / train | 108 |  | 
| Enter build submenu | 29 |  | 
| Enter hero's abilities submenu | 11 |  | 
| Give item / drop item | 2 |  | 
| Right click | 757 |  | 
| Select / deselect | 472 |  | 
| Select group hotkey | 653 |  | 
| Use ability | 141 |  | 
                2217 total
 » units 
                
                | Acolyte | 31 |  | 
| Ghoul | 7 |  | 
| Crypt Fiend | 7 |  | 
| Goblin Zeppelin | 3 |  | 
| Goblin Sapper | 1 |  | 
| Goblin Shredder | 1 |  | 
| Obsidian Statue | 7 |  | 
| Frost Wyrm | 13 |  | 
                70 total
 » upgrades
                
                | Creature Attack | 1 |  | 
| Creature Carapace | 1 |  | 
| Destroyer Form | 1 |  | 
                3 total
 » buildings
                
                | Graveyard | 2 |  | 
| Ziggurat | 10 |  | 
| Crypt | 1 |  | 
| Altar of Darkness | 1 |  | 
| Tomb of Relics | 1 |  | 
| Nerubian Tower | 2 |  | 
| Halls of the Dead | 1 |  | 
| Necropolis | 3 |  | 
| Black Citadel | 1 |  | 
| Sacrificial Pit | 1 |  | 
| Slaughterhouse | 1 |  | 
| Boneyard | 3 |  | 
                27 total
 » build order
                00:07 Graveyard
00:08 Ziggurat
00:12 Ziggurat
00:40 Crypt
01:02 Altar of Darkness
01:20 Tomb of Relics
01:34 Ziggurat
01:53 Nerubian Tower
04:52 Ziggurat
05:17 Halls of the Dead
06:21 Nerubian Tower
06:22 Necropolis
07:41 Black Citadel
07:44 Ziggurat
07:46 Sacrificial Pit
07:47 Slaughterhouse
08:36 Necropolis
09:17 Ziggurat
09:18 Ziggurat
12:12 Boneyard
12:14 Boneyard
12:15 Boneyard
13:31 Ziggurat
14:20 Graveyard
16:09 Ziggurat
16:10 Ziggurat
16:12 Necropolis
» items
                
                | Rod of Necromancy | 2 |  | 
| Sacrificial Skull | 2 |  | 
| Dust of Appearance | 2 |  | 
| Potion of Healing | 1 |  | 
| Staff of Teleportation | 1 |  | 
| Scroll of Town Portal | 5 |  | 
| Periapt of Vitality | 1 |  | 
| Boots of Speed | 1 |  | 
| Healing Salve | 1 |  | 
                16 total
  
               
              
              
» 
YEAHSHESASSBATS (
blue | 60 APM | 1848 actions | 30:43)
              
 3 Blademaster 
 1 Wind Walk
 2 Critical Strike
 
                » actions 
                
                | Assign group hotkey | 1 |  | 
| Basic commands | 11 |  | 
| Build / train | 55 |  | 
| ESC pressed | 8 |  | 
| Enter build submenu | 76 |  | 
| Enter hero's abilities submenu | 3 |  | 
| Give item / drop item | 2 |  | 
| Right click | 995 |  | 
| Select / deselect | 495 |  | 
| Select group hotkey | 84 |  | 
| Use ability | 118 |  | 
                1848 total
 » units 
                » buildings
                
                | Altar of Storms | 1 |  | 
| Orc Burrow | 4 |  | 
| Voodoo Lounge | 2 |  | 
| War Mill | 4 |  | 
| Stronghold | 2 |  | 
| Fortress | 1 |  | 
| Watch Tower | 50 |  | 
| Beastiary | 1 |  | 
                65 total
 » build order
                00:08 Altar of Storms
00:10 Orc Burrow
00:29 Voodoo Lounge
01:31 War Mill
03:19 Stronghold
03:31 Orc Burrow
07:14 Fortress
13:57 War Mill
14:41 Watch Tower
14:42 Watch Tower
14:44 Watch Tower
14:46 War Mill
15:08 Watch Tower
15:43 Watch Tower
15:46 Watch Tower
15:49 Watch Tower
16:45 Watch Tower
16:47 Watch Tower
16:50 Watch Tower
16:57 Watch Tower
17:06 Watch Tower
18:01 Watch Tower
18:05 Orc Burrow
18:20 Watch Tower
19:13 Watch Tower
19:49 Watch Tower
20:52 Watch Tower
21:58 Watch Tower
22:00 Watch Tower
22:01 Watch Tower
22:14 Watch Tower
22:34 Watch Tower
22:36 Watch Tower
22:39 Watch Tower
22:42 Watch Tower
23:16 Watch Tower
23:25 Watch Tower
23:30 Watch Tower
24:02 Stronghold
24:08 Watch Tower
24:11 Watch Tower
24:29 Watch Tower
24:36 Watch Tower
24:44 Watch Tower
24:46 Watch Tower
25:09 Orc Burrow
25:23 Watch Tower
25:36 Watch Tower
25:38 Watch Tower
26:05 Watch Tower
26:08 Watch Tower
26:29 Watch Tower
26:43 Watch Tower
26:51 Watch Tower
26:54 Beastiary
27:17 Watch Tower
27:18 Watch Tower
27:44 Watch Tower
27:50 Watch Tower
27:54 Watch Tower
28:00 War Mill
28:03 Watch Tower
28:24 Voodoo Lounge
29:13 Watch Tower
29:14 Watch Tower
» items
                
                | Healing Salve | 2 |  | 
| Lesser Clarity Potion | 4 |  | 
| Potion of Mana | 1 |  | 
| Boots of Speed | 1 |  | 
| Staff of Teleportation | 1 |  | 
| Tiny Great Hall | 1 |  | 
| Scroll of Town Portal | 2 |  | 
| Orb of Lightning | 1 |  | 
                13 total
  
               
              
              
HoneyBlunt (
yellow | 67 APM | 1578 actions | 23:25)
              
 4 Tauren Chieftain 
 2 War Stomp
 2 Endurance Aura
 2 Shadow Hunter 
 1 Hex
 1 Healing Wave
 
                » actions 
                
                | Assign group hotkey | 22 |  | 
| Basic commands | 91 |  | 
| Build / train | 57 |  | 
| ESC pressed | 2 |  | 
| Enter build submenu | 33 |  | 
| Enter hero's abilities submenu | 6 |  | 
| Give item / drop item | 2 |  | 
| Right click | 622 |  | 
| Select / deselect | 342 |  | 
| Select group hotkey | 304 |  | 
| Use ability | 97 |  | 
                1578 total
 » units 
                
                | Peon | 14 |  | 
| Grunt | 7 |  | 
| Tauren | 3 |  | 
| Shaman | 5 |  | 
| Troll Batrider | 4 |  | 
                33 total
 » upgrades
                
                | Berserker Strength | 1 |  | 
| Melee Weapons | 2 |  | 
| Armor | 1 |  | 
| Shaman Training | 2 |  | 
| Reinforced Defenses | 1 |  | 
| Pulverize | 1 |  | 
                8 total
 » buildings
                
                | Altar of Storms | 1 |  | 
| Orc Burrow | 8 |  | 
| Barracks | 1 |  | 
| Stronghold | 1 |  | 
| Voodoo Lounge | 1 |  | 
| Great Hall | 3 |  | 
| Fortress | 1 |  | 
| War Mill | 3 |  | 
| Watch Tower | 8 |  | 
| Tauren Totem | 2 |  | 
| Spirit Lodge | 1 |  | 
| Beastiary | 3 |  | 
                33 total
 » build order
                00:07 Altar of Storms
00:10 Orc Burrow
00:38 Barracks
01:36 Orc Burrow
03:03 Stronghold
03:15 Orc Burrow
03:29 Voodoo Lounge
04:42 Great Hall
06:16 Fortress
06:53 War Mill
07:11 Great Hall
07:17 Orc Burrow
07:34 Great Hall
08:08 Watch Tower
08:13 Watch Tower
08:20 Watch Tower
08:22 Watch Tower
08:24 Watch Tower
09:49 Tauren Totem
10:27 Watch Tower
11:04 Tauren Totem
12:18 Spirit Lodge
12:29 Orc Burrow
12:40 Watch Tower
12:45 Watch Tower
17:28 War Mill
18:08 Beastiary
18:15 Beastiary
18:52 War Mill
19:37 Orc Burrow
19:46 Orc Burrow
20:45 Beastiary
22:23 Orc Burrow
» items
                
                | Healing Salve | 1 |  | 
| Lesser Clarity Potion | 1 |  | 
| Boots of Speed | 1 |  | 
| Dust of Appearance | 1 |  | 
| Scroll of Protection | 1 |  | 
| Orb of Corruption | 1 |  | 
                6 total
  
               
              
              
WarCreatesHeros (
teal | 19 APM | 588 actions | 30:41)
              
 4 Blademaster 
 2 Critical Strike
 2 Wind Walk
 2 Tauren Chieftain 
 1 War Stomp
 1 Endurance Aura
 
                » actions 
                
                | Build / train | 54 |  | 
| Enter build submenu | 12 |  | 
| Enter hero's abilities submenu | 6 |  | 
| Give item / drop item | 3 |  | 
| Right click | 254 |  | 
| Select / deselect | 194 |  | 
| Use ability | 65 |  | 
                588 total
 » units 
                » upgrades
                
                | Envenomed Spears | 1 |  | 
| Ranged Weapons | 1 |  | 
                2 total
 » buildings
                
                | Altar of Storms | 1 |  | 
| Orc Burrow | 5 |  | 
| Stronghold | 1 |  | 
| Voodoo Lounge | 1 |  | 
| War Mill | 1 |  | 
| Beastiary | 2 |  | 
| Fortress | 1 |  | 
| Great Hall | 1 |  | 
                13 total
 » build order
                00:14 Altar of Storms
00:17 Orc Burrow
01:52 Stronghold
02:00 Voodoo Lounge
02:49 Orc Burrow
03:37 War Mill
04:23 Beastiary
04:25 Beastiary
04:50 Orc Burrow
06:04 Fortress
06:08 Orc Burrow
08:13 Orc Burrow
09:46 Great Hall
» items
                
                | Healing Salve | 4 |  | 
| Lesser Clarity Potion | 3 |  | 
| Scroll of Speed | 2 |  | 
| Orb of Lightning | 2 |  | 
| Boots of Speed | 1 |  | 
| Dust of Appearance | 1 |  | 
| Scroll of Town Portal | 1 |  | 
| Tiny Great Hall | 1 |  | 
| Staff of Teleportation | 1 |  | 
| Potion of Lesser Invulnerability | 1 |  | 
                17 total
  
                Chat log
          (00:22 / Allies) HoneyBlunt: TC grunt for me
(00:23 / Allies) 66DRagon6: massing necros
(00:25 / Allies) HoneyBlunt: 3 orc
(00:42 / Allies) WarCreatesHeros: air later
(00:44 / Allies) 66DRagon6: errr wait
(00:48 / Allies) 66DRagon6: necs abom ghouls
(00:57 / Allies) HoneyBlunt: ur the only ud
(00:59 / Allies) HoneyBlunt: what we do about aa
(01:11 / Allies) 66DRagon6: i dont think they mass air
(01:17 / Allies) HoneyBlunt: u sure?
(01:18 / Allies) HoneyBlunt: this map?
(01:28 / Allies) 66DRagon6: IM BEING SARCASTIC IDIOT
(01:31 / Allies) 66DRagon6: FIENDS FROSTS CC
(01:32 / Allies) HoneyBlunt: lol
(04:31 / Allies) YEAHSHESASSBATS: is that a bm in my base
(04:35 / Allies) 66DRagon6: yes
(05:29 / Allies) HoneyBlunt: dman teal
(05:30 / Allies) HoneyBlunt: 2 tc?
(05:38 / Allies) WarCreatesHeros: that's ok
(05:43 / Allies) 66DRagon6: his tc is tc second
(06:00 / Allies) WarCreatesHeros: that's right
(06:08 / Allies) YEAHSHESASSBATS: teal i dont like you
(06:38 / Allies) 66DRagon6: expand
(10:16 / Allies) WarCreatesHeros: blue
(10:19 / Allies) YEAHSHESASSBATS: ?
(12:01 / Allies) 66DRagon6: uhhh
(12:06 / Allies) 66DRagon6: nice 2v4 suicide
(12:15 / Allies) YEAHSHESASSBATS: bull moves in a bear market
(12:22 / Allies) 66DRagon6: true
(12:42 / Allies) 66DRagon6: gold please
(13:13 / Allies) WarCreatesHeros: purple
(13:15 / Allies) 66DRagon6: aye
(13:18 / Allies) WarCreatesHeros: green coming
(13:20 / Allies) 66DRagon6: kk
(13:38 / Allies) WarCreatesHeros: help guys
(13:43 / Allies) WarCreatesHeros: tp
(13:46 / Allies) HoneyBlunt: n
(13:47 / Allies) 66DRagon6: dont tp
(14:41 / Allies) 66DRagon6: DK
(14:51 / Allies) YEAHSHESASSBATS: unsummon
(15:05 / Allies) YEAHSHESASSBATS: unsummon your ledge expo
(15:33 / Allies) YEAHSHESASSBATS: hey guy
(15:40 / Allies) YEAHSHESASSBATS: its going to die either way
(15:55 / Allies) YEAHSHESASSBATS: ur mining in high upkeep
(16:16 / Allies) YEAHSHESASSBATS: ur wasting this goldmine bro
(16:25 / Allies) 66DRagon6: I SURE AM
(16:29 / Allies) YEAHSHESASSBATS: umsummon it
(16:33 / Allies) YEAHSHESASSBATS: holy shit
(16:34 / Allies) YEAHSHESASSBATS: quick
(16:37 / Allies) YEAHSHESASSBATS: no really
(16:39 / Allies) YEAHSHESASSBATS: wow
(17:14 / Allies) YEAHSHESASSBATS: wood me
(17:41 / All) Dasha-MdividbyV: FOCUS THE DH GOOD KEEP IT UP
(18:24 / Allies) YEAHSHESASSBATS: gonna highperch this
(18:31 / Allies) 66DRagon6: hopefully
(18:50 / Allies) YEAHSHESASSBATS: why u making tauren
(18:51 / Allies) YEAHSHESASSBATS: lol
(18:54 / Allies) YEAHSHESASSBATS: u got backpack
(18:57 / Allies) YEAHSHESASSBATS: so u can put orbs on em?
(18:58 / Allies) YEAHSHESASSBATS: wow
(19:51 / All) Dasha-MdividbyV: blues an idiot 
(19:58 / All) Dasha-MdividbyV: gg now?
(20:01 / All) YEAHSHESASSBATS: 1v1
(20:09 / All) 66DRagon6: I can host
(20:19 / All) Dasha-MdividbyV: sure....
(20:29 / All) YEAHSHESASSBATS: u see god's tp
(20:30 / All) YEAHSHESASSBATS: Lol
(21:01 / Allies) YEAHSHESASSBATS: hehe
(22:04 / Allies) YEAHSHESASSBATS: hey u guys wanna piss em off
(22:07 / Allies) YEAHSHESASSBATS: give me all your sources
(22:22 / Allies) YEAHSHESASSBATS: tp ur shit up here
(22:24 / Allies) 66DRagon6: gold me
(22:33 / Allies) 66DRagon6: i need to get my gold mine back up
(22:46 / Allies) YEAHSHESASSBATS: tp
(22:48 / Allies) YEAHSHESASSBATS: on my perch
(22:51 / Allies) YEAHSHESASSBATS: no
(22:55 / Allies) YEAHSHESASSBATS: no
(23:03 / Allies) YEAHSHESASSBATS: u fool
(23:25 / All) Dasha-MdividbyV: game name?
(23:48 / Allies) YEAHSHESASSBATS: wood
(24:33 / All) YEAHSHESASSBATS: u wont ever find my burrow
(24:41 / All) YEAHSHESASSBATS: pun intended
(24:48 / All) YEAHSHESASSBATS: wow
(24:49 / All) YEAHSHESASSBATS: hacker
(25:23 / Allies) 66DRagon6: doesnt high perching involve some kind of aa?
(25:27 / Allies) YEAHSHESASSBATS: thats why
(25:29 / Allies) YEAHSHESASSBATS: i said tp out
(25:29 / Allies) YEAHSHESASSBATS: nice
(25:32 / Allies) 66DRagon6: oic
(26:15 / Allies) YEAHSHESASSBATS: hmm
(27:00 / Allies) YEAHSHESASSBATS: teal
(27:01 / Allies) YEAHSHESASSBATS: deny expos
(28:26 / Allies) YEAHSHESASSBATS: hmm
(28:45 / Allies) YEAHSHESASSBATS: steal his item nigga
(28:45 / Allies) YEAHSHESASSBATS: lol
(29:17 / Allies) YEAHSHESASSBATS: no
(29:38 / Allies) YEAHSHESASSBATS: no..
(29:59 / Allies) YEAHSHESASSBATS: hmmm
(30:18 / Allies) YEAHSHESASSBATS: oh wow
(30:20 / Allies) YEAHSHESASSBATS: did he just
(30:21 / Allies) YEAHSHESASSBATS: see that
(30:28 / Allies) YEAHSHESASSBATS: idle taurens wth
(30:36 / Allies) YEAHSHESASSBATS: are you fucking
(30:37 / Allies) YEAHSHESASSBATS: serious